 Dungeon Crawl Stone Soup version 0.29.1-1-gd02db6906a (webtiles) character file.

Game seed: 11966355365881913613

87 DemonSlayer the Firebug (level 4, -3/31 HPs)
             Began as a Demonspawn Fire Elementalist on Sept 18, 2022.
             Slain by a sky beast (6 damage)
             ... on level 3 of the Dungeon.
             The game lasted 00:05:47 (4841 turns).

DemonSlayer the Firebug (DsFE)                      Turns: 4841, Time: 00:05:47

Health: -3/31      AC:  4    Str:  8    XL:     4   Next: 28%
Magic:  7/7        EV: 11    Int: 18    God:
Gold:   106        SH:  0    Dex: 14    Spells: 2/8 levels left

rFire   . . .      SeeInvis .   t - +1 war axe
rCold   + . .      Faith    .   (no shield)
rNeg    . . .      Spirit   .   k - +0 leather armour
rPois   .          Reflect  .   (no helmet)
rElec   .          Harm     .   (no cloak)
rCorr   .          Rampage  .   (no gloves)
Will    .....                   (no boots)
Stlth   ++........              (no amulet)
HPRegen 0.10/turn               c - +4 ring of slaying
MPRegen 0.10/turn               a - ring of protection from cold

@: about to teleport, very slightly contaminated
A: hooves 2, rugged brown scales 1
a: no special abilities


You were on level 3 of the Dungeon.
You visited 1 branch of the dungeon, and saw 3 of its levels.

You collected 106 gold pieces.

Inventory:

Hand Weapons
 t - a +1 war axe (weapon)
Armour
 k - a +0 leather armour (worn)
Jewellery
 a - a ring of protection from cold (right hand)
 c - a +4 ring of slaying (left hand)
Wands
 n - a wand of charming (9)
Potions
 b - 3 potions of magic
 d - a potion of degeneration {unknown}
 e - a potion of haste {unknown}
 g - 3 potions of flight {unknown}
 h - a potion of cancellation {unknown}
 i - a potion of attraction {unknown}
 m - 2 potions of heal wounds {unknown}
 p - a potion of lignification {unknown}


   Skills:
 + Level 0.3 Fighting
 + Level 1.1 Armour
 + Level 2.0 Dodging
 + Level 2.0 Stealth
 + Level 2.6 Spellcasting
 + Level 2.2 Conjurations
 + Level 3.2 Fire Magic


You had 2 spell levels left.
You knew the following spells:

 Your Spells              Type           Power      Damage    Failure   Level
a - Foxfire               Conj/Fire      48%        2x1d6     8%          1
b - Scorch                Fire           26%        2d6       10%         2
c - Conjure Flame         Conj/Fire      12%        6-21      24%         3

Your spell library contained the following spells:

 Spells                   Type           Power      Damage    Failure   Level
 Inner Flame              Hex/Fire       8%         N/A       36%         3
 Flame Wave               Conj/Fire      12%        2d6       61%         4


Dungeon Overview and Level Annotations

Branches:
Dungeon (3/15)

Altars:

Shops:
D:1 (


Innate Abilities, Weirdness & Mutations

You have hoof-like feet.
You are partially covered in rugged brown scales. (AC +1, +3% HP)


Message History

Found a stone staircase leading up.
You see here a scroll of immolation.
Found a stone staircase leading down.
A sky beast comes into view.
There is a stone staircase leading down here.
A sky beast is nearby!
A sky beast is nearby!
An endoplasm comes into view.
The endoplasm quivers.
Flames lash the sky beast.
The sky beast is lightly wounded.
The sky beast's fire resistance burns away.
You miscast Scorch.
You are very lightly contaminated with residual magic.
Nothing appears to happen.
Flames lash the endoplasm.
The endoplasm is severely wounded.
The endoplasm's fire resistance burns away.
The sky beast flickers out of sight!
Deactivating autopickup; reactivate with Ctrl-A.
Something hits you but does no damage.
You don't have enough magic to cast this spell.
You don't have enough magic to cast this spell.
You don't have enough magic to cast this spell.
You don't have enough magic to cast this spell.
You don't have enough magic to cast this spell.
Unknown command.
You barely miss something. Your kick misses something. Something hits you.
Something shocks you. Something hits you. Something shocks you.
Magic courses through your body.
A sky beast appears from thin air!
Reactivating autopickup.
The sky beast hits you. The sky beast shocks you.
* * * LOW HITPOINT WARNING * * *
The endoplasm is no longer more vulnerable to fire.
As you read the scroll labelled HINWUKK AWUPSU, it crumbles to dust.
You feel strangely unstable.
It was a scroll of teleportation.
The sky beast hits you.
* * * LOW HITPOINT WARNING * * *
The sky beast shocks you.
You die...

#.##.###.#.### .#
#.#.#.##...# #...
...###.###.# #..
.#.# ##.##.# #.# #
...# #..?..#####.#.#
##
###.#.####.....<.#.#
.. #.# #.##......#
.. #. #.......# .# #
# ####.##@###..##.#
#...>Y.J......
####..##..##.#
#.........
....##..#### ######
.# .. .


You could see a sky beast and an endoplasm.

Vanquished Creatures
  3 gnolls (D:3)
  A worm (D:2)
  A dart slug (D:2)
  An orc (D:2)
  6 endoplasms
  2 giant cockroaches (D:2)
  3 goblins (D:1)
  6 hobgoblins
  A quokka (D:1)
  7 ball pythons
  5 bats
  5 frilled lizards
  8 kobolds
  5 rats
54 creatures vanquished.

Vanquished Creatures (others)
  222 foxfires
222 creatures vanquished.

Grand Total: 276 creatures vanquished

Notes
Turn   | Place    | Note
-------+----------+-------------------------------------------
     0 | D:1      | DemonSlayer the Demonspawn Fire Elementalist began the
                  | quest for the Orb.
     0 | D:1      | Reached XP level 1. HP: 13/13 MP: 3/3
   365 | D:1      | Reached skill level 3 in Fire Magic
   365 | D:1      | Gained mutation: You are partially covered in rugged brown
                  | scales. (AC +1, +3% HP) [demonic ancestry]
   365 | D:1      | Reached XP level 2. HP: 9/19 MP: 0/5
   369 | D:1      | Learned a level 2 spell: Scorch
  1515 | D:1      | Found Nauwkimp's Weapon Boutique.
  1859 | D:1      | Gained mutation: You have large cloven feet. [demonic
                  | ancestry]
  1859 | D:1      | Reached XP level 3. HP: 24/24 MP: 1/6
  2090 | D:1      | Learned a level 3 spell: Conjure Flame
  3016 | D:2      | Found a faded altar of an unknown god.
  3954 | D:3      | Gained mutation: You have hoof-like feet. [demonic
                  | ancestry]
  3954 | D:3      | Reached XP level 4. HP: 10/31 MP: 1/7
  4199 | D:3      | Reached skill level 1 in Armour
  4831 | D:3      | Noticed a sky beast
  4841 | D:3      | Slain by a sky beast

Illustrated notes

Levels and vault maps discovered:
D:1:      co_arrival_random_square_maze, layout_basic, serial_shops,
          nicolae_shop_bloodbath_and_beyond, serial_bayou_pond_c,
          palyth_stone_intersect, chequers_serial_rivers_large_b,
          minmay_statues_item
D:2:      layout_basic, nicolae_ecumenical_oubliette, kennysheep_generic_room_12
D:3:      layout_loops_ring, kennysheep_generic_room_15, uniq_grinder

Skill      XL: |  1  2  3  4 |
---------------+-------------+-----
Fire Magic     | 3 |  3.2
Dodging        | 2 |  2.0
Stealth        | 2 |  2.0
Conjurations   | 2 |  2.2
Armour         | 1 |  1.1
Fighting       | |  0.3
Spellcasting   | |  2.6

Action                   |  1- 3 |  4- 6 || total
-------------------------+-------+-------++-------
Melee: Club              |     2 |       ||     2
       Short sword       |    33 |       ||    33
       Kick              |     6 |       ||     6
       War axe           |     5 |     3 ||     8
 Cast: Foxfire           |   131 |       ||   131
       Scorch            |     2 |     3 ||     5
  Use: Scroll            |     6 |     1 ||     7
       Potion            |       |     1 ||     1
Armor: Robe              |     4 |       ||     4
       Leather armour    |    16 |     1 ||    17
Dodge: Dodged            |    37 |       ||    37
